 Dungeon Crawl Stone Soup version 0.30.0-29-ga12c61a403 (webtiles) character file.

Game seed: 8802575823892966407

85484 Zazubon the Brawler (level 15, -3/149 HPs)
             Began as a Troll Gladiator on June 16, 2023.
             Was the Champion of the Shining One.
             Slain by a komodo dragon (10 damage)
             ... while petrified by a basilisk
             ... on level 13 of the Dungeon.
             The game lasted 01:04:37 (18973 turns).

Zazubon the Brawler (Troll Gladiator)              Turns: 18973, Time: 01:04:38

Health: -3/149     AC: 19    Str: 31    XL:     15   Next: 38%
Magic:  12/12      EV:  1    Int:  4    God:    the Shining One [******]
Gold:   1646       SH:  0    Dex: 26    Spells: 14/14 levels left

rFire   . .          .
                       - Unarmed
rCold   . . .        (no shield)
rNeg    + + +        c - +5 acid dragon scales
rPois   ∞            h - +2 hat
rElec   .            x - +2 cloak {rPois}
rCorr   +            (gloves unavailable)
SInv    .            (boots unavailable)
Will    +....        r - amulet of regeneration
Stlth   +            W - +6 ring of dexterity
HPRegen 2.04/turn    u - ring "Ecwaexen" {rCorr Str+5 Dex+3}
MPRegen 0.13/turn

%: no passive effects
@: petrified, glowing
A: large, unfitting armour, claws 3, regeneration 1, shaggy fur 1, tough skin 1,
low MP 1, no potion heal 1
a: Renounce Religion, Divine Shield, Cleansing Flame, Summon Divine Warrior,
Brand Weapon With Holy Wrath


You were on level 13 of the Dungeon.
You worshipped the Shining One.
The Shining One was exalted by your worship.
You visited 5 branches of the dungeon, and saw 21 of its levels.
You also visited: Gauntlet.

You collected 1646 gold pieces.

Inventory:

Missiles
 b - 3 atropa-tipped darts
 d - 12 large rocks (quivered)
 D - 18 javelins
 Q - 12 poisoned darts
 T - a throwing net
Armour
 c - +5 acid dragon scales (worn)
 h - a +2 hat (worn)
 x - a +2 cloak of poison resistance (worn)
Jewellery
 a - a ring of protection from cold
 e - a +5 ring of evasion
 r - an amulet of regeneration (around neck)
 u - the ring "Ecwaexen" (right claw) {rCorr Str+5 Dex+3}
   (You found it on level 1 of the Lair of Beasts)

   [ring of resist corrosion]

   Str:       It affects your strength (+5).
   Dex:       It affects your dexterity (+3).
   rCorr:     It protects you from acid and corrosion.
 W - a +6 ring of dexterity (left claw)
Wands
 l - a wand of quicksilver (16)
 y - a wand of digging (10)
 B - a wand of polymorph (10)
 C - a wand of iceblast (25)
 J - a wand of flame (41)
 K - a wand of paralysis (16)
 S - a wand of mindburst (4)
Scrolls
 g - 7 scrolls of vulnerability
 i - 2 scrolls of teleportation
 j - 2 scrolls of amnesia
 m - 3 scrolls of magic mapping
 o - a scroll of noise
 v - 6 scrolls of immolation
 A - a scroll of fog
 G - a scroll of torment
 H - a scroll of identify
 N - 4 scrolls of brand weapon
 O - a scroll of butterflies
 R - 2 scrolls of enchant weapon
 X - a scroll of silence
Potions
 f - 2 potions of might
 k - 5 potions of cancellation
 n - 2 potions of heal wounds
 q - 10 potions of curing
 s - a potion of invisibility
 t - 4 potions of flight
 w - 3 potions of brilliance
 z - 4 potions of mutation
 F - a potion of ambrosia
 L - 7 potions of degeneration
 P - 5 potions of attraction
 Z - a potion of magic {unknown}
Miscellaneous
 p - a phial of floods
 E - a piece from Xom's chessboard (15/15)
 I - a phantom mirror
 M - a condenser vane
 U - a lightning rod (4/4)


   Skills:
 - Level 10.0 Fighting
 - Level 8.0 Throwing
 - Level 5.2 Armour
 - Level 12.9 Dodging
 * Level 17.6 Unarmed Combat
 - Level 3.0 Evocations


You had 14 spell levels left.
You didn't know any spells.
Your spell library contained the following spells:

 Spells                   Type           Power      Damage    Failure   Level
 Freeze                   Ice            0%         1d3       54%         1
 Slow                     Hex            0%         N/A       54%         1
 Cigotuvi's Dreadful Rot  Necr/Pois/Air  0%         N/A       69%         2
 Lesser Beckoning         Tloc           0%         N/A       69%         2
 Confusing Touch          Hex            0%         N/A       89%         3
 Frozen Ramparts          Ice            0%         1d1       89%         3
 Gell's Gravitas          Tloc           0%         N/A       89%         3
 Hailstorm                Conj/Ice       0%         3d3       89%         3
 Ozocubu's Armour         Ice            0%         N/A       89%         3
 Teleport Other           Tloc           0%         N/A       89%         3
 Vampiric Draining        Necr           0%         2d6       89%         3
 Dispel Undead            Necr           0%         3d6       100%        4
 Metabolic Englaciation   Hex/Ice        0%         N/A       100%        5
 Death Channel            Necr           0%         N/A       100%        6
 Simulacrum               Ice/Necr       0%         N/A       100%        6
 Ozocubu's Refrigeration  Ice            0%         4d7       100%        7
 Polar Vortex             Ice            0%         N/A       100%        9


Dungeon Overview and Level Annotations

Branches:
Dungeon (13/15)            Temple (1/1) D:4            Lair (5/5) D:8
 Shoals (0/4) Lair:3       Spider (0/4) Lair:3        Slime (1/5) Lair:5
    Orc (1/2) D:10        Gauntlet (visited)
 Vaults: D:13-14

Altars:
Ashenzari
Cheibriados
Dithmenos
Elyvilon
Fedhas
Gozag
Hepliaklqana
Kikubaaqudgha
Makhleb
Nemelex Xobeh
Okawaru
Qazlal
Ru
Sif Muna
Trog
Uskayaw
Vehumet
Wu Jian
Xom
Yredelemnul
Zin
The Shining One
Lugonu

Shops:
D:2 [(   D:6 !

Portals:
Abyss: Lair:5

Annotations:
D:12 3 runed translucent doors, exclusion: orange crystal statue
Lair:2 exclusion: 2 oklob plants


Innate Abilities, Weirdness & Mutations

You are too large for most types of armour.
You have claws for hands.
Your natural rate of healing is unusually fast.
You are covered in fur. (AC +1)
You have tough skin. (AC +1)
Your magical capacity is low. (-10% MP)
Potions are less effective at restoring your health.


Message History

You hear a shout!
You have turned to stone.
The centaur warrior shoots an arrow.
The arrow hits you!
* * * LOW HITPOINT WARNING * * *
The basilisk bites you!
* * * LOW HITPOINT WARNING * * *
The centaur warrior shoots an arrow.
The arrow hits you!!
* * * LOW HITPOINT WARNING * * *
The basilisk bites you but does no damage.
A death knight comes into view. It is wielding a +2 glaive.
The basilisk bites you but does no damage.
The basilisk bites you!
* * * LOW HITPOINT WARNING * * *
The basilisk gazes at you.
The centaur warrior shoots an arrow.
The arrow hits you!
* * * LOW HITPOINT WARNING * * *
The boulder beetle bites you.
* * * LOW HITPOINT WARNING * * *
The basilisk bites you but does no damage.
The centaur warrior shoots an arrow.
The arrow hits you!
* * * LOW HITPOINT WARNING * * *
The basilisk bites you but does no damage.
The boulder beetle bites you.
The death knight hits you but does no damage.
The centaur warrior shoots an arrow.
The arrow hits you.
* * * LOW HITPOINT WARNING * * *
The centaur warrior shoots an arrow.
The arrow hits you!
* * * LOW HITPOINT WARNING * * *
The basilisk bites you but does no damage.
The komodo dragon bites you!
* * * LOW HITPOINT WARNING * * *
The boulder beetle bites you!
* * * LOW HITPOINT WARNING * * *
The death knight hits you from afar with a +2 glaive!
* * * LOW HITPOINT WARNING * * *
The centaur warrior shoots an arrow.
The arrow hits you!
* * * LOW HITPOINT WARNING * * *
The basilisk bites you but does no damage.
The komodo dragon bites you!!
You die...

########
###......###
###...####...###
###...###
###...###
#...^## ##ll..##
....## ##@)..##
...## ##Bc..#
...# #p...# ...#
#....# ...#
.....# ...#
.....# ...#
8#....# ...#
.#....# ...#
.##....#


You could see a death knight, a boulder beetle, a centaur warrior, a komodo
dragon and a basilisk.

Vanquished Creatures
  Kirke (Lair:5)
  2 rockslimes (Slime:1)
  A minotaur (Gauntlet)
  A great orb of eyes (Gauntlet)
  Harold (D:9)
  A catoblepas (Lair:5)
  7 boulder beetles
  3 hydras
  4 two-headed ogres
  2 centaur warriors (D:13)
  6 death yaks
  Urug (Lair:5)
  4 thrashing horrors (Lair:5)
  Amaemon (Lair:1)
  Nergalle (Lair:1)
  9 skeletal warriors
  A pharaoh ant (Lair:3)
  2 lindwurms
  A harpy (shapeshifter) (Lair:5)
  Pikel (D:7)
  2 large abominations (Lair:5)
  A necromancer (Gauntlet)
  A deep elf pyromancer (D:12)
  4 oklob plants (Lair:1)
  4 ugly things
  2 manticores
  10 elephants
  6 slime creatures
  5 black mambas
  2 smoke demons (Lair:5)
  2 torpor snails
  A gargoyle (D:12)
  Joseph (D:8)
  A guardian serpent (shapeshifter) (D:13)
  9 cane toads
  7 komodo dragons
  An orange demon (Lair:1)
  Maggie (D:9)
  A komodo dragon (shapeshifter) (Lair:5)
  6 rime drakes
  2 ancient zymes (Lair:5)
  A wind drake (Lair:3)
  Prince Ribbit (D:9)
  2 hornets (Lair:3)
  2 polar bears
  36 blink frogs
  A tarantella (Lair:3)
  20 dream sheep
  A jumping spider (Lair:3)
  2 spriggans (Lair:5)
  2 wyverns
  A shadow (D:11)
  51 yaks
  2 hogs (Lair:5)
  3 fire bats (Lair:5)
  3 ynoxinuls (Lair:5)
  3 basilisks
  2 steam dragons
  12 vampire mosquitoes
  10 small abominations (Lair:5)
  A redback (Lair:3)
  The ghost of magipi the Magician, an amateur DjCj of Gozag (D:4)
  3 wargs (D:10)
  32 water moccasins
  2 sky beasts
  3 ice beasts
  6 black bears
  7 orc warriors
  4 ogres
  10 wolves
  6 centaurs
  2 phantoms (D:7)
  2 kobold brigands
  12 bullfrogs
  A gnoll sergeant (D:10)
  2 scorpions
  7 wights
  12 killer bees (D:9)
  A howler monkey (D:10)
  6 electric eels
  A bullfrog zombie (D:4)
  4 jellies
  Crazy Yiuf (D:6)
  A hound (D:5)
  7 orc priests
  A sleepcap (D:5)
  An iguana (D:3)
  11 orc wizards
  A scorpion zombie (D:4)
  A hound zombie (D:4)
  16 gnolls
  7 adders
  2 adder zombies (D:4)
  3 worms
  A dart slug (D:2)
  43 orcs
  5 ball pythons
  5 endoplasms
  3 giant cockroaches
  7 goblins
  9 hobgoblins
  12 kobolds
  4 quokkas
  A bat (D:3)
  5 frilled lizards
  A rat (D:3)
547 creatures vanquished.

Vanquished Creatures (others)
  A wizard (D:10)
  2 humans (Lair:5)
  A wolf (Gauntlet)
  An orc (D:9)
5 creatures vanquished.

Grand Total: 552 creatures vanquished

Notes
Turn   | Place    | Note
-------+----------+-------------------------------------------
     0 | D:1      | Zazubon the Troll Gladiator began the quest for the Orb.
     0 | D:1      | Reached XP level 1. HP: 19/19 MP: 0/0
    53 | D:1      | You fall into a shaft and drop 1 floor!
    58 | D:2      | Found Fuengot's Antique Weapon Shop.
   204 | D:1      | Reached XP level 2. HP: 28/28 MP: 1/1
   858 | D:1      | You fall into a shaft and drop 1 floor!
   912 | D:2      | Reached XP level 3. HP: 34/35 MP: 2/2
  1005 | D:2      | Reached skill level 4 in Unarmed Combat
  1021 | D:2      | Reached XP level 4. HP: 38/44 MP: 3/3
  1327 | D:2      | Found Zuikurph's Armour Shop.
  1798 | D:3      | Found an opulent altar of Gozag.
  2176 | D:3      | Noticed an ogre
  2186 | D:3      | Killed an ogre
  2187 | D:3      | Reached skill level 5 in Unarmed Combat
  2187 | D:3      | Reached XP level 5. HP: 53/53 MP: 4/4
  2386 | D:4      | Found an ancient bone altar of Kikubaaqudgha.
  2476 | D:4      | Found a basalt altar of Yredelemnul.
  2485 | D:4      | Reached XP level 6. HP: 55/61 MP: 5/5
  2568 | D:4      | Found a staircase to the Ecumenical Temple.
  2581 | Temple   | Entered the Ecumenical Temple
  2594 | Temple   | Became a worshipper of Elyvilon the Healer
  2622 | D:4      | Reached skill level 6 in Unarmed Combat
  2713 | D:4      | Found a runed translucent gate.
  2713 | D:4      | Found a runed translucent gate.
  2713 | D:4      | Found a runed translucent gate.
  2714 | D:4      | Found an opulent altar of Gozag.
  2715 | D:4      | Noticed magipi's ghost (amateur DjCj)
  2765 | D:4      | Noticed an ice beast
  2773 | D:4      | Killed an ice beast
  2893 | D:4      | Found a glowing golden altar of the Shining One.
  2898 | D:4      | Fell from the grace of Elyvilon
  2898 | D:4      | Became a worshipper of the Shining One
  3114 | D:4      | Reached skill level 7 in Unarmed Combat
  3114 | D:4      | Reached XP level 7. HP: 54/67 MP: 6/6
  3118 | D:4      | Killed magipi's ghost
  3195 | D:5      | Entered Level 5 of the Dungeon
  3326 | D:5      | Reached skill level 8 in Unarmed Combat
  3390 | D:5      | Reached skill level 9 in Unarmed Combat
  3423 | D:5      | Reached XP level 8. HP: 69/75 MP: 7/7
  3867 | D:5      | Found a sacrificial altar of Ru.
  3955 | D:6      | Reached skill level 10 in Unarmed Combat
  4074 | D:6      | Found Alaff's Distillery.
  4254 | D:6      | Found a blossoming altar of Fedhas.
  4428 | D:6      | Reached skill level 11 in Unarmed Combat
  4457 | D:6      | Found a snail-covered altar of Cheibriados.
  4803 | D:6      | Found a runed translucent door.
  4804 | D:6      | Noticed Crazy Yiuf
  4810 | D:6      | Killed Crazy Yiuf
  4956 | D:7      | Reached XP level 9. HP: 83/83 MP: 8/8
  5112 | D:7      | Reached skill level 12 in Unarmed Combat
  5160 | D:7      | Noticed Pikel
  5171 | D:7      | Killed Pikel
  5177 | D:7      | Reached skill level 13 in Unarmed Combat
  5667 | D:8      | Reached * piety under the Shining One
  5670 | D:8      | Noticed Joseph
  5674 | D:8      | Reached skill level 14 in Unarmed Combat
  5683 | D:8      | Killed Joseph
  5684 | D:8      | Reached XP level 10. HP: 63/91 MP: 9/9
  5890 | D:8      | Found a staircase to the Lair.
  6065 | D:8      | Noticed a two-headed ogre
  6076 | D:8      | Killed a two-headed ogre
  6078 | D:8      | Reached skill level 15 in Unarmed Combat
  6462 | Lair:1   | Entered Level 1 of the Lair of Beasts
  6641 | Lair:1   | Noticed a cane toad
  6645 | Lair:1   | Killed a cane toad
  6697 | Lair:1   | Noticed a cane toad
  6701 | Lair:1   | Killed a cane toad
  6761 | Lair:1   | Noticed Amaemon
  6761 | Lair:1   | Noticed an orange demon
  6779 | Lair:1   | Killed Amaemon
  6782 | Lair:1   | Killed an orange demon
  6990 | Lair:1   | Noticed an oklob plant
  7205 | Lair:1   | Noticed Nergalle
  7218 | Lair:1   | Killed Nergalle
  7218 | Lair:1   | Reached ** piety under the Shining One
  7219 | Lair:1   | Reached skill level 5 in Dodging
  7219 | Lair:1   | Reached XP level 11. HP: 93/101 MP: 10/10
  7355 | Lair:1   | Noticed an oklob plant
  7357 | Lair:1   | Noticed an oklob plant
  7559 | Lair:2   | Identified the +0 leather armour of Keugycep {rCorr Dex+6}
  7612 | Lair:2   | Noticed an oklob plant
  7619 | Lair:2   | Reached skill level 5 in Fighting
  7673 | Lair:2   | Noticed a seven-headed hydra
  7952 | D:9      | Noticed a two-headed ogre
  7961 | D:9      | Killed a two-headed ogre
  8028 | D:9      | Noticed Maggie
  8037 | D:9      | Killed Maggie
  8052 | D:9      | Noticed Prince Ribbit
  8063 | D:9      | Killed Prince Ribbit
  8154 | D:9      | Reached skill level 5 in Throwing
  8333 | D:9      | Found a shadowy altar of Dithmenos.
  8521 | D:9      | Found a glowing silver altar of Zin.
  8522 | D:9      | Noticed an angel
  8608 | D:9      | Noticed Harold
  8617 | D:9      | Killed Harold
  8865 | D:10     | Entered Level 10 of the Dungeon
  8977 | D:10     | Reached *** piety under the Shining One
  9006 | D:10     | Found a radiant altar of Vehumet.
  9018 | D:10     | Identified the +1 robe of the Loofah {MP+9}
  9096 | D:10     | Found a staircase to the Orcish Mines.
  9449 | D:10     | Found a bloodstained altar of Trog.
  9451 | D:10     | Noticed a wizard
  9456 | D:10     | Killed a wizard
  9519 | D:11     | Noticed a skeletal warrior
  9525 | D:11     | Noticed a skeletal warrior
  9528 | D:11     | Noticed a skeletal warrior
  9529 | D:11     | Killed a skeletal warrior
  9552 | D:11     | Killed a skeletal warrior
  9568 | D:11     | Killed a skeletal warrior
  9569 | D:11     | Reached XP level 12. HP: 58/114 MP: 11/11
  9669 | D:11     | Noticed a boulder beetle
  9683 | D:11     | Killed a boulder beetle
  9711 | D:11     | Found a gate leading to a gauntlet.
  9719 | Gauntlet | Entered a Gauntlet
  9719 | Gauntlet | Found a transporter.
  9719 | Gauntlet | Found a transporter.
  9725 | Gauntlet | Found a transporter.
  9726 | Gauntlet | Found a transporter.
  9732 | Gauntlet | Found a transporter.
  9769 | Gauntlet | Found a transporter.
  9800 | Gauntlet | Found a transporter.
  9809 | Gauntlet | Reached **** piety under the Shining One
  9848 | Gauntlet | Found a transporter.
  9848 | Gauntlet | Noticed a great orb of eyes
  9862 | Gauntlet | Found a transporter.
  9874 | Gauntlet | Found a transporter.
  9879 | Gauntlet | Paralysed by a great orb of eyes for 5 turns
  9886 | Gauntlet | Killed a great orb of eyes
  9940 | Gauntlet | Found a transporter.
  9982 | Gauntlet | Noticed a minotaur
  9991 | Gauntlet | Killed a minotaur
 10012 | Gauntlet | Identified the +3 scimitar "Vurrel" {flame, rPois Str+5
                  | Dex-2}
 10986 | D:12     | Noticed a two-headed ogre
 10989 | D:12     | Killed a two-headed ogre
 11030 | D:12     | Noticed a boulder beetle
 11030 | D:12     | Noticed a boulder beetle
 11054 | D:12     | Killed a boulder beetle
 11062 | D:12     | Killed a boulder beetle
 11170 | D:12     | Reached skill level 10 in Dodging
 11211 | D:12     | Found a runed translucent door.
 11244 | D:12     | Found a runed translucent door.
 11351 | D:12     | Found a runed translucent door.
 11390 | D:12     | Found a runed translucent door.
 11399 | D:12     | Reached XP level 13. HP: 127/127 MP: 12/12
 11952 | D:13     | Reached ***** piety under the Shining One
 12283 | Orc:1    | Entered Level 1 of the Orcish Mines
 12575 | Lair:2   | Reached skill level 1 in Armour
 12669 | Lair:2   | Found a bloodstained altar of Trog.
 13487 | Lair:3   | Found a staircase to the Shoals.
 13492 | Lair:3   | Found a hole to the Spider Nest.
 14424 | Lair:3   | Identified the +2 ring mail "Roummoukk" {Regen+ Dex+4}
 14581 | Lair:3   | Reached XP level 14. HP: 135/140 MP: 13/13
 14644 | Lair:4   | Reached skill level 1 in Evocations
 14953 | Lair:4   | Found the +8 whip "Snakebite" {venom, curare, rPois}
 15462 | Lair:5   | Entered Level 5 of the Lair of Beasts
 15668 | Lair:5   | Reached ****** piety under the Shining One
 15847 | Lair:5   | Reached skill level 5 in Armour
 15870 | Lair:5   | Noticed Kirke
 15877 | Lair:5   | Killed Kirke
 15892 | Lair:5   | Noticed Urug
 16029 | Lair:5   | Killed Urug
 16194 | Lair:5   | Found a staircase to the Slime Pits.
 16277 | Lair:5   | Reached skill level 10 in Fighting
 16650 | Lair:5   | Reached skill level 16 in Unarmed Combat
 16756 | Lair:5   | Reached XP level 15. HP: 149/149 MP: 14/14
 17119 | Lair:5   | Found a corrupted altar of Lugonu.
 17119 | Lair:5   | Found a one-way gate to the infinite horrors of the Abyss.
 17710 | Slime:1  | Entered Level 1 of the Pits of Slime
 17722 | Slime:1  | Noticed a rockslime
 17731 | Slime:1  | Killed a rockslime
 17733 | Slime:1  | Noticed a rockslime
 17741 | Slime:1  | Killed a rockslime
 17742 | Slime:1  | Reached skill level 17 in Unarmed Combat
 17779 | Slime:1  | Gained mutation: Your magical capacity is low. (-10% MP) [a
                  | shining eye]
 17783 | Slime:1  | Gained mutation: Potions are less effective at restoring
                  | your health. [a shining eye]
 18046 | Lair:1   | Identified the ring "Ecwaexen" {rCorr Str+5 Dex+3}
 18973 | D:13     | HP: 7/149 [centaur warrior/arrow (4)]
 18973 | D:13     | Slain by a komodo dragon

Illustrated notes

Levels and vault maps discovered:
D:1:      lemuel_arrival_behind_the_door_small, layout_loops_corners,
          minmay_misc_feat_pillars
D:2:      layout_basic, serial_shops, shop, nicolae_diamond_shop,
          nicolae_figureground_sparkle
D:3:      layout_basic, nicolae_gozag_cash_rules_everything_around_me
D:4:      layout_cave_pools, mainiacjoe_overflow_paths,
          nicolae_yredelemnul_corpse_copse, nicolae_tso_carved_into_rock,
          minmay_temple_entry_mist, ebering_ghost_gozag
D:5:      layout_loops_ring, kennysheep_mini, grunt_ministairs_1,
          kennysheep_minor_cross
D:6:      layout_basic, lemuel_round_altar, mainiacjoe_overflow_24_doors,
          nicolae_stop_n_shop_2, uniq_crazy_yiuf_cottage
D:7:      layout_loops_ring, uniq_pikel
D:8:      layout_basic, grunt_lair_entry_orc_guard_hut,
          eino_small_chamber_without_monster, uniq_joseph
D:9:      nicolae_moon_pools, layout_gridville, zin_angel,
          mainiacjoe_overflow_six_doors_small, uniq_harold, uniq_prince_ribbit1,
          uniq_maggie
D:10:     layout_rooms, amcnicky_altar_gilded, trog_wizard,
          minmay_orc_entry_guard_dogs, serial_glass, glass_columns_a,
          glass_columns_a, glass_columns_a, glass_columns_a, glass_columns_c,
          glass_columns_b
D:11:     layout_loops_cross, gauntlet_entry_generic
D:12:     layout_loops_ring, minmay_statue_crystal_thing
D:13:     layout_roguey, nzn_random_ring, uniq_azrael
Temple:   minmay_freezing_vapour_temple
Lair:1:   minmay_lair_oklob_tunnel, layout_gridlike,
          grunt_forest_small_clearings, grunt_forest_stairs_basic, uniq_amaemon,
          uniq_nergalle
Lair:2:   layout_roguey, lemuel_oklob_altar
Lair:3:   cheibrodos_lair_overgrown_chateau, layout_small_grid,
          minmay_shoals_entry_beasts, nicolae_spider_entry_lesser_pyramids
Lair:4:   minmay_guarded_unrand_snakebite, layout_cave_shapes, minivault_24,
          minivault_19, nicolae_quartered_pool_super, lemuel_fruit_tree,
          infiniplex_staircase_pool
Lair:5:   hellmonk_lair_end_abyssal_woods, layout_regular_city,
          dpeg_slime_entry_corner, nicolae_volcano_entry_batcave,
          gammafunk_lair_bear_cave, uniq_kirke, uniq_urug
Slime:1:  layout_caves
Orc:1:    hellmonk_paralyzer, layout_caves, david_defended_altar_orc

Skill      XL: |  1  2  3  4  5  6  7  8  9 10 11 12 13 14 15 |
---------------+----------------------------------------------+-----
Fighting       | 2 3 4 6 7 9 10 | 10.0
Unarmed Combat | 4 5 7 9 11 14 15 16 17 | 17.6
Throwing       | 3 5 7 8 |  8.0
Dodging        | 5 7 10 12 | 12.9
Armour         | 3 5 |  5.2
Evocations     | 3 |  3.0

Action                     |  1- 3 |  4- 6 |  7- 9 | 10-12 | 13-15 || total
---------------------------+-------+-------+-------+-------+-------++-------
  Melee: Unarmed           |    68 |   122 |   177 |   531 |   836 ||  1734
         Punch             |     1 |     5 |    15 |    70 |   126 ||   217
  Throw: Throwing net      |       |     3 |       |     2 |       ||     5
         Boomerang         |       |       |       |     1 |       ||     1
         Large rock        |       |       |       |     1 |       ||     1
 Invoke: Divine Shield     |       |       |       |     1 |       ||     1
  Evoke: Wand              |       |       |       |     4 |     6 ||    10
         Lightning rod     |       |       |       |     1 |     9 ||    10
    Use: Scroll            |       |       |    12 |    11 |    17 ||    40
         Potion            |       |       |       |     3 |     2 ||     5
   Stab: Sleeping          |     1 |     3 |       |       |       ||     4
         Held in net/web   |       |     1 |       |       |       ||     1
 Armour: Robe              |    22 |    49 |    74 |    86 |       ||   231
         Skin              |       |       |       |     8 |    57 ||    65
         Acid dragon scale |       |       |       |   122 |   344 ||   466
  Dodge: Dodged            |    25 |    70 |    79 |   233 |   768 ||  1175
  Block: Other             |       |       |       |     1 |       ||     1
